[ PARTIDA AOE2 · #494733013 ]
UnrankedYurchen vs Bohemians
Equipo del jugador · VICT
Equipo rival · DERR
[ ANÁLISIS DE REPETICIÓN · EXTRAÍDO DE LA PARTIDA GRABADA ]
Feudal
8:57
Castillos
20:52
Imperial
39:47
| APM promedio | 71.8 |
| APM pico | 128 |
| eAPM promedio | 28.5 |
| Aldeanos / militares | 189 / 170 |
Foco
⚔️ 44.7% · 🌾 55.3%
Skirmisher ×86 · Cavalry Archer ×62 · Archer ×7 · Iron Pagoda ×4 · Trebuchet (Packed) ×4 · Monk ×3
Feudal
9:54
Castillos
21:39
Imperial
37:46
| APM promedio | 48.3 |
| APM pico | 137 |
| eAPM promedio | 26.7 |
| Aldeanos / militares | 107 / 110 |
Foco
⚔️ 34.9% · 🌾 65.1%
Archer ×91 · Mangonel ×7 · Bombard Cannon ×7 · Spearman ×2 · Trebuchet (Packed) ×2 · Scorpion ×1
Mapa de la partida
Recursos iniciales + cada clic de construcción. Líneas = muros · curvas = relieve. ◆ oro · ⬟ piedra · ● bayas · ✦ reliquia · ◌ hueco del cierre
Tu base· Abierta — flanco sin cerrar
Base de Markof· ✓ Cerrada en 21:39 · 42t muro · 1 puerta(s)
Terreno inicial suavizado · ◌ = hueco del cierre detectado · pasá el cursor para detalles
Inputs por minuto
— DS_Uruguayo - - Markof
Build order — DS_Uruguayo
Primeras 150 de 443 acciones detectadas
| 0:00 | Crear | Villager (Male) |
| 0:01 | Crear | Villager (Male) |
| 0:02 | Construir | House |
| 0:02 | Construir | House |
| 0:15 | Crear | Villager (Male) |
| 0:16 | Crear | Villager (Male) |
| 0:16 | Crear | Villager (Male) |
| 1:23 | Crear | Villager (Male) |
| 1:42 | Crear | Villager (Male) |
| 1:42 | Crear | Villager (Male) |
| 1:58 | Construir | Lumber Camp |
| 2:32 | Crear | Villager (Male) |
| 2:32 | Crear | Villager (Male) |
| 2:53 | Crear | Villager (Male) |
| 2:53 | Crear | Villager (Male) |
| 3:20 | Crear | Villager (Male) |
| 3:20 | Crear | Villager (Male) |
| 3:37 | Crear | Villager (Male) |
| 3:37 | Crear | Villager (Male) |
| 3:53 | Construir | House |
| 4:01 | Crear | Villager (Male) |
| 4:02 | Crear | Villager (Male) |
| 4:21 | Construir | Mill |
| 4:32 | Crear | Villager (Male) |
| 4:32 | Crear | Villager (Male) |
| 4:32 | Crear | Villager (Male) |
| 5:02 | Crear | Villager (Male) |
| 5:18 | Crear | Villager (Male) |
| 5:18 | Crear | Villager (Male) |
| 5:31 | Crear | Villager (Male) |
| 5:31 | Crear | Villager (Male) |
| 5:55 | Investigar | Loom |
| 6:23 | Crear | Villager (Male) |
| 6:44 | Investigar | Feudal Age |
| 6:44 | Investigar | Feudal Age |
| 7:59 | Construir | Barracks |
| 8:03 | Construir | House |
| 8:05 | Crear | Villager (Male) |
| 8:20 | Crear | Villager (Male) |
| 8:57 | Edad | Edad Feudal |
| 8:59 | Crear | Villager (Male) |
| 9:01 | Construir | Stable |
| 9:04 | Investigar | Double-Bit Axe |
| 9:24 | Crear | Villager (Male) |
| 9:29 | Investigar | Horse Collar |
| 9:31 | Crear | Villager (Male) |
| 10:01 | Crear | Villager (Male) |
| 10:06 | Construir | Mill |
| 10:07 | Crear | Scout Cavalry |
| 10:11 | Construir | House |
| 10:14 | Construir | House |
| 10:15 | Construir | House |
| 10:16 | Crear | Villager (Male) |
| 10:25 | Crear | Scout Cavalry |
| 10:46 | Construir | House |
| 10:47 | Construir | House |
| 10:49 | Construir | Palisade Wall |
| 10:49 | Construir | Palisade Wall |
| 10:56 | Construir | Farm |
| 10:58 | Construir | Farm |
| 11:09 | Crear | Villager (Male) |
| 11:18 | Crear | Scout Cavalry |
| 11:22 | Construir | Farm |
| 11:29 | Crear | Villager (Male) |
| 11:43 | Construir | House |
| 11:48 | Crear | Villager (Male) |
| 12:06 | Crear | Villager (Male) |
| 12:13 | Construir | Archery Range |
| 12:16 | Crear | Villager (Male) |
| 12:36 | Construir | Mining Camp |
| 12:37 | Crear | Villager (Male) |
| 12:53 | Construir | Farm |
| 13:02 | Crear | Villager (Male) |
| 13:06 | Construir | House |
| 13:06 | Construir | Palisade Wall |
| 13:06 | Construir | Palisade Wall |
| 13:09 | Construir | Palisade Wall |
| 13:10 | Construir | Palisade Wall |
| 13:14 | Crear | Archer |
| 13:37 | Crear | Villager (Male) |
| 13:39 | Crear | Villager (Male) |
| 13:40 | Crear | Villager (Male) |
| 13:40 | Crear | Villager (Male) |
| 13:43 | Construir | Blacksmith |
| 13:51 | Crear | Archer |
| 13:51 | Crear | Archer |
| 14:07 | Crear | Villager (Male) |
| 14:22 | Crear | Archer |
| 14:50 | Crear | Villager (Male) |
| 14:50 | Crear | Archer |
| 15:00 | Crear | Villager (Male) |
| 15:02 | Construir | Farm |
| 15:04 | Construir | Farm |
| 15:05 | Construir | Farm |
| 15:16 | Investigar | Fletching |
| 15:16 | Investigar | Fletching |
| 15:38 | Crear | Villager (Male) |
| 15:41 | Construir | Farm |
| 16:06 | Crear | Villager (Male) |
| 16:07 | Crear | Archer |
| 16:08 | Construir | Farm |
| 16:09 | Construir | Farm |
| 16:10 | Construir | Farm |
| 16:12 | Construir | Farm |
| 16:15 | Construir | Farm |
| 16:51 | Crear | Villager (Male) |
| 17:01 | Construir | Farm |
| 17:02 | Construir | Farm |
| 17:04 | Crear | Villager (Male) |
| 17:23 | Crear | Villager (Male) |
| 17:30 | Construir | Lumber Camp |
| 17:56 | Crear | Villager (Male) |
| 18:12 | Investigar | Castle Age |
| 18:15 | Crear | Archer |
| 19:24 | Construir | Archery Range |
| 19:51 | Construir | Archery Range |
| 20:29 | Construir | Lumber Camp |
| 20:35 | Construir | House |
| 20:52 | Edad | Edad de los Castillos |
| 20:52 | Crear | Cavalry Archer |
| 20:53 | Crear | Cavalry Archer |
| 20:53 | Crear | Cavalry Archer |
| 20:53 | Crear | Cavalry Archer |
| 20:54 | Investigar | Bodkin Arrow |
| 20:56 | Investigar | Husbandry |
| 20:57 | Investigar | Bow Saw |
| 20:58 | Crear | Villager (Male) |
| 20:59 | Crear | Villager (Male) |
| 21:15 | Construir | Siege Workshop |
| 21:20 | Crear | Villager (Male) |
| 21:22 | Investigar | Gold Mining |
| 21:32 | Construir | Market |
| 21:36 | Crear | Cavalry Archer |
| 21:36 | Crear | Cavalry Archer |
| 21:36 | Crear | Cavalry Archer |
| 21:37 | Crear | Cavalry Archer |
| 21:55 | Crear | Cavalry Archer |
| 21:55 | Crear | Cavalry Archer |
| 22:09 | Construir | House |
| 22:09 | Crear | Iron Pagoda |
| 22:10 | Crear | Iron Pagoda |
| 22:18 | Crear | Villager (Male) |
| 22:19 | Crear | Villager (Male) |
| 22:47 | Crear | Iron Pagoda |
| 22:50 | Construir | House |
| 22:50 | Crear | Villager (Male) |
| 22:56 | Crear | Cavalry Archer |
| 22:56 | Crear | Cavalry Archer |
| 22:58 | Crear | Villager (Male) |
| 23:34 | Crear | Battering Ram |
Build order — Markof
Primeras 150 de 335 acciones detectadas
| 0:02 | Crear | Villager (Male) |
| 0:05 | Construir | House |
| 0:06 | Construir | House |
| 0:30 | Crear | Villager (Male) |
| 0:30 | Crear | Villager (Male) |
| 0:30 | Crear | Villager (Male) |
| 0:31 | Crear | Villager (Male) |
| 1:35 | Crear | Villager (Male) |
| 1:36 | Crear | Villager (Male) |
| 1:59 | Construir | Lumber Camp |
| 2:14 | Crear | Villager (Male) |
| 2:14 | Crear | Villager (Male) |
| 2:49 | Crear | Villager (Male) |
| 2:49 | Crear | Villager (Male) |
| 2:50 | Construir | House |
| 2:51 | Construir | House |
| 3:11 | Crear | Villager (Male) |
| 3:31 | Crear | Villager (Male) |
| 3:32 | Crear | Villager (Male) |
| 4:02 | Crear | Villager (Male) |
| 4:14 | Construir | Palisade Wall |
| 4:21 | Crear | Villager (Male) |
| 4:22 | Crear | Villager (Male) |
| 5:14 | Crear | Villager (Male) |
| 5:14 | Crear | Villager (Male) |
| 5:15 | Crear | Villager (Male) |
| 5:28 | Crear | Villager (Male) |
| 6:09 | Construir | Mill |
| 6:25 | Crear | Villager (Male) |
| 6:54 | Crear | Villager (Male) |
| 7:12 | Investigar | Loom |
| 7:20 | Construir | Palisade Wall |
| 7:21 | Construir | Palisade Wall |
| 7:37 | Investigar | Feudal Age |
| 7:57 | Construir | Mining Camp |
| 8:24 | Construir | Palisade Wall |
| 9:17 | Construir | Palisade Wall |
| 9:22 | Construir | Palisade Wall |
| 9:23 | Construir | Palisade Wall |
| 9:29 | Construir | Barracks |
| 9:54 | Edad | Edad Feudal |
| 10:01 | Crear | Villager (Male) |
| 10:04 | Construir | House |
| 10:14 | Crear | Spearman |
| 10:14 | Investigar | Double-Bit Axe |
| 10:16 | Crear | Villager (Male) |
| 10:40 | Construir | Mill |
| 10:44 | Construir | Palisade Wall |
| 10:47 | Crear | Villager (Male) |
| 11:02 | Construir | Lumber Camp |
| 11:16 | Crear | Villager (Male) |
| 11:35 | Crear | Villager (Male) |
| 11:51 | Construir | Palisade Gate |
| 11:58 | Construir | House |
| 12:00 | Crear | Villager (Male) |
| 12:06 | Crear | Villager (Male) |
| 12:09 | Construir | Archery Range |
| 12:20 | Crear | Spearman |
| 12:54 | Construir | Farm |
| 12:55 | Construir | Farm |
| 13:03 | Construir | Farm |
| 13:03 | Crear | Villager (Male) |
| 13:07 | Construir | House |
| 13:11 | Crear | Archer |
| 13:11 | Crear | Archer |
| 13:14 | Construir | House |
| 13:16 | Crear | Villager (Male) |
| 13:22 | Crear | Villager (Male) |
| 13:25 | Construir | Farm |
| 13:45 | Crear | Villager (Male) |
| 13:47 | Construir | Farm |
| 13:49 | Construir | Farm |
| 13:54 | Crear | Archer |
| 14:19 | Construir | Farm |
| 14:22 | Construir | Farm |
| 14:24 | Crear | Villager (Male) |
| 14:42 | Construir | Blacksmith |
| 14:46 | Crear | Archer |
| 14:57 | Crear | Archer |
| 15:05 | Crear | Villager (Male) |
| 15:21 | Investigar | Fletching |
| 15:26 | Construir | Market |
| 15:33 | Construir | Farm |
| 16:03 | Crear | Archer |
| 16:04 | Crear | Villager (Male) |
| 16:06 | Construir | Archery Range |
| 16:20 | Crear | Archer |
| 16:46 | Crear | Archer |
| 16:46 | Crear | Archer |
| 16:50 | Construir | Watch Tower |
| 16:55 | Construir | Farm |
| 16:56 | Construir | Farm |
| 17:00 | Crear | Archer |
| 17:04 | Crear | Villager (Male) |
| 17:05 | Crear | Villager (Male) |
| 17:22 | Crear | Archer |
| 17:22 | Crear | Archer |
| 17:23 | Crear | Archer |
| 17:27 | Construir | Farm |
| 17:48 | Crear | Villager (Male) |
| 18:14 | Construir | Mining Camp |
| 18:17 | Crear | Villager (Male) |
| 18:22 | Construir | Lumber Camp |
| 18:29 | Crear | Archer |
| 18:36 | Construir | House |
| 18:38 | Construir | House |
| 18:59 | Investigar | Castle Age |
| 19:02 | Crear | Archer |
| 19:02 | Crear | Archer |
| 19:14 | Construir | House |
| 19:18 | Construir | House |
| 19:20 | Construir | House |
| 19:24 | Crear | Archer |
| 19:33 | Crear | Archer |
| 19:37 | Crear | Archer |
| 19:42 | Crear | Archer |
| 19:56 | Construir | House |
| 19:57 | Construir | Stone Wall |
| 20:21 | Crear | Archer |
| 20:22 | Crear | Archer |
| 20:55 | Crear | Archer |
| 20:59 | Crear | Archer |
| 21:26 | Crear | Archer |
| 21:39 | Edad | Edad de los Castillos |
| 21:40 | Construir | University |
| 21:43 | Investigar | Crossbowman (upgrade) |
| 21:50 | Investigar | Bodkin Arrow |
| 22:01 | Construir | House |
| 22:11 | Construir | Town Center |
| 22:33 | Investigar | Ballistics |
| 22:36 | Crear | Villager (Male) |
| 22:38 | Investigar | Padded Archer Armor |
| 22:41 | Crear | Villager (Male) |
| 22:43 | Crear | Villager (Male) |
| 23:03 | Crear | Villager (Male) |
| 23:19 | Investigar | Chemistry |
| 23:38 | Crear | Villager (Male) |
| 23:49 | Crear | Villager (Male) |
| 24:16 | Crear | Villager (Male) |
| 24:28 | Crear | Archer |
| 24:28 | Crear | Archer |
| 25:07 | Crear | Archer |
| 25:07 | Crear | Archer |
| 25:08 | Construir | Farm |
| 25:21 | Crear | Villager (Male) |
| 25:23 | Construir | Siege Workshop |
| 25:29 | Crear | Archer |
| 25:34 | Crear | Archer |
| 25:34 | Crear | Archer |
| 25:35 | Crear | Archer |
Cronología de la partida
| 4:14 | Markof · wall_segment Palisade Wall x10 |
| 7:20 | Markof · wall_segment Palisade Wall x3 |
| 7:21 | Markof · wall_segment Palisade Wall x4 |
| 7:59 | DS_Uruguayo · first_building Barracks |
| 8:24 | Markof · wall_segment Palisade Wall x5 |
| 8:57 | DS_Uruguayo · age_up feudal |
| 9:01 | DS_Uruguayo · first_building Stable |
| 9:17 | Markof · wall_segment Palisade Wall x15 |
| 9:22 | Markof · wall_segment Palisade Wall x2 |
| 9:23 | Markof · wall_segment Palisade Wall x3 |
| 9:29 | Markof · first_building Barracks |
| 9:54 | Markof · age_up feudal |
| 10:44 | Markof · wall_segment Palisade Wall x1 |
| 10:49 | DS_Uruguayo · wall_segment Palisade Wall x1 |
| 10:49 | DS_Uruguayo · wall_segment Palisade Wall x1 |
| 12:09 | Markof · first_building Archery Range |
| 12:13 | DS_Uruguayo · first_building Archery Range |
| 13:06 | DS_Uruguayo · wall_segment Palisade Wall x1 |
| 13:06 | DS_Uruguayo · wall_segment Palisade Wall x1 |
| 13:09 | DS_Uruguayo · wall_segment Palisade Wall x1 |
| 13:10 | DS_Uruguayo · wall_segment Palisade Wall x1 |
| 18:53 | Markof · first_market_buy 100 food |
| 19:35 | Markof · first_market_sell 100 stone |
| 19:57 | Markof · wall_segment Stone Wall x1 |
| 20:52 | DS_Uruguayo · age_up castle |
| 21:15 | DS_Uruguayo · first_building Siege Workshop |
| 21:39 | Markof · age_up castle |
| 22:44 | DS_Uruguayo · first_market_sell 100 wood |
| 25:23 | Markof · first_building Siege Workshop |
| 27:29 | DS_Uruguayo · first_building Monastery |
| 31:30 | DS_Uruguayo · first_building Castle |
| 32:23 | DS_Uruguayo · first_market_buy 100 food |
| 34:10 | Markof · wall_segment Stone Wall x7 |
| 34:30 | Markof · wall_segment Stone Wall x7 |
| 37:05 | Markof · first_building Castle |
| 37:46 | Markof · age_up imperial |
| 39:47 | DS_Uruguayo · age_up imperial |
| 47:28 | Markof · resign |
[ ANÁLISIS IA · 1 CRÉDITO ]
¿Qué pasó realmente en esta partida?
Wolo.gg analiza cada decisión: build order, eco, micro, errores típicos por bracket. Análisis personalizado por WhatsApp o Discord en 30 segundos.
Guía civ
Yurchen
Perfil
DS_Santi